 Dungeon Crawl Stone Soup version 0.21-a0-404-g291f19a (webtiles) character file.

35 KristoblXynda the Ducker (level 3, -6/28 HPs)
             Began as a Spriggan Berserker on Oct 29, 2017.
             Was a Follower of Trog.
             Killed from afar by Sigmund (8 damage)
             ... with a puff of flame
             ... on level 2 of the Dungeon.
             The game lasted 00:01:38 (974 turns).

KristoblXynda the Ducker (Spriggan Berserker)        Turns: 974, Time: 00:01:40

Health: -6/28      AC:  2    Str: 18    XL:     3   Next: 17%
Magic:  4/4        EV: 19    Int:  9    God:    Trog [*.....]
Gold:   27         SH:  5    Dex: 15    Spells: 2/2 levels left

rFire    . . .     SeeInvis +   a - +0 falchion
rCold    . . .     Gourm    .   k - +0 buckler
rNeg     . . .     Faith    .   b - +0 animal skin
rPois    .         Spirit   .   (helmet restricted)
rElec    .         Reflect  .   (no cloak)
rCorr    .         Harm     .   (gloves unavailable)
MR       .....                  (boots unavailable)
Stlth    ..........             (no amulet)
HPRegen  0.09/turn              (no ring)
MPRegen  0.09/turn              (no ring)

@: berserking, very quick
A: unfitting armour, see invisible, herbivore 3, speed 3, slow metabolism 2
a: Berserk, Burn Spellbooks, Renounce Religion


You were on level 2 of the Dungeon.
You worshipped Trog.
Trog was aware of your devotion.
You were not hungry.

You visited 1 branch of the dungeon, and saw 2 of its levels.

You collected 27 gold pieces.

Inventory:

Hand Weapons
 a - a +0 falchion (weapon)
Armour
 b - a +0 animal skin (worn)
 k - a +0 buckler (worn)
Scrolls
 e - a scroll of noise {unknown}
 h - a scroll of identify {unknown}
 i - a scroll of amnesia {unknown}
 j - a scroll of fear {unknown}
 l - a scroll of remove curse {unknown}
 m - a scroll of teleportation {unknown}
Potions
 d - a potion of degeneration {unknown}
 f - a potion of cancellation {unknown}
 g - a potion of haste {unknown}
 n - a potion of lignification {unknown}
 o - a potion of might {unknown}
Comestibles
 c - 2 bread rations


   Skills:
 - Level 2.4 Fighting
 * Level 3.0 Long Blades
 + Level 4.9 Dodging
 + Level 2.1 Stealth


You had 2 spell levels left.
You didn't know any spells.

Dungeon Overview and Level Annotations

Branches:
Dungeon (2/15)

Altars:

Annotations:
D:2 Sigmund


Innate Abilities, Weirdness & Mutations

You are very small and have problems with some larger weapons.
You are too small for most types of armour.
You have supernaturally acute eyesight. (SInv)
You are a herbivore.
You cover ground extremely quickly.
You need consume almost no food.


Message History

The adder closely misses you.
You riposte.
You barely miss the adder. Sigmund hits you with a scythe.
You barely miss Sigmund. The rat completely misses you. The adder bites you.
* * * LOW HITPOINT WARNING * * *
You slash Sigmund!
Sigmund is moderately wounded.
You block the rat's attack. The adder bites you.
* * * LOW HITPOINT WARNING * * *
Sigmund misses you.
You riposte.
You barely miss Sigmund.
Sigmund is moderately wounded.
You slash Sigmund!
Sigmund is heavily wounded.
The adder closely misses you. The rat closely misses you.
You slash Sigmund!
Sigmund is almost dead.
The adder bites you.
* * * LOW HITPOINT WARNING * * *
Sigmund casts a spell at you. The puff of flame hits you!
You die...

.......#######
#.............##
##..............#
#................
#................
#......?.........
#....[....@......
#.......r@..r....
#........S....... ..
#.....(..r......#### #..
#.#.....#(.........##..#
###.....#####....#..###
#.....## #......#...
###....####........#
###..%..........#
#.#####.<...#..


You could see Sigmund, an adder and 3 rats.

Vanquished Creatures
  3 dart slugs (D:1)
  2 leopard geckos (D:1)
  3 giant cockroaches (D:1)
  2 goblins (D:1)
  5 hobgoblins (D:1)
  3 kobolds
  A bat (D:1)
  4 frilled lizards (D:1)
  3 rats (D:1)
26 creatures vanquished.

Notes
Turn   | Place    | Note
-------+----------+-------------------------------------------
     0 | D:1      | KristoblXynda the Spriggan Berserker began the quest for the Orb.
     0 | D:1      | Reached XP level 1. HP: 11/11 MP: 2/2
    50 | D:1      | Reached skill level 1 in Stealth
   221 | D:1      | Reached XP level 2. HP: 11/16 MP: 3/3
   465 | D:1      | Reached XP level 3. HP: 4/19 MP: 4/4
   962 | D:2      | Noticed Sigmund
   974 | D:2      | Killed from afar by Sigmund

Vault maps used:
D:1:      wheals_arrival_shading
D:2:      grunt_gozag_statues, uniq_sigmund

Skill      XL: |  1  2 |
---------------+-------+-----
Stealth        | 1 2 |  2.1
Long Blades    | 3 |  3.0
Fighting       | |  2.4
Dodging        | |  4.9

Action                   || total
-------------------------++-------
Melee: Falchion          ||    74
Invok: Berserk           ||     2
 Stab: Sleeping          ||     2
Armor: Animal skin       ||     4
Dodge: Dodged            ||    65
Block: Buckler           ||     8
       Rpst.: Falchion   ||    23

Table legend:
 A = Spawn XP
 B = Non-spawn XP
 C = Spawn XP percentage of total XP
 D = Spawn monster count
 E = Non-spawn monster count
 F = Spawn count percentage of total count
 G = Total turns spent on level
                    A         B        C        D         E        F      G
               +---------+---------+-------+---------+---------+-------+---------
         Total |       0 |      51 |   0.0 |       0 |      26 |   0.0 |   974
               +---------+---------+-------+---------+---------+-------+---------
           D:1 |       0 |      49 |   0.0 |       0 |      25 |   0.0 |   950
           D:2 |       0 |       2 |   0.0 |       0 |       1 |   0.0 |    24
               +---------+---------+-------+---------+---------+-------+---------
